Map: New Gettysburg LE

Players

Namshar

  • Race: Zerg Zerg
  • League: Grandmaster

IlIlIlIlIlIl (Naniwa) - Winner!

  • Race: Protoss Protoss
  • League: Grandmaster

VOD

Have the link to the VOD?

Description

Time

  • Played on: Sept. 19, 2016, 2:21 p.m.
  • Length: 9:15
Show
View Real Time Build Order
Export as new Build Order

Namshar Zerg 

Build Orders: Hatch First 

Get SALT Encoding   

  12  0:00  Drone  
  13  0:13  Overlord  
  13  0:18  Drone  
  14  0:31  Drone x2  
  14  0:34  Drone  
  17  0:52  Hatchery  
  17  0:55  Drone  
  17  0:59  Drone  
  18  1:12  Spawning Pool  
  17  1:32  Hatchery  
  16  1:34  Drone  
  16  1:38  Drone  
  18  1:41  Drone  
  18  1:45  Drone  
  20  1:59  Queen  
  22  2:04  Queen  
  24  2:09  Overlord  
  24  2:12  Drone  
  24  2:14  Drone  
  26  2:18  Drone  
  26  2:20  Drone  
  28  2:30  Drone  
  28  2:31  Drone  
  28  2:34  Queen  
  32  2:38  Drone  
  32  2:39  Drone  
  34  2:49  Overlord  
  34  2:52  Zergling x4  
  36  2:59  Zergling x2  
  36  3:01  Overlord, Extractor  
  36  3:02  Drone  
  36  3:03  Extractor  
  36  3:06  Drone x3  
  36  3:08  Drone  
  36  3:09  Drone  
  41  3:13  Overlord  
  41  3:14  Drone x2  
  41  3:17  Drone  
  41  3:19  Drone  
  45  3:24  Drone x2  
  47  3:33  Overlord  
  47  3:34  Drone x2  
  47  3:40  Drone x3  
  52  3:43  Drone x2  
  54  3:48  Lair  
  54  3:50  Drone x2  
  54  3:53  Drone x3  
  54  3:55  Drone  
  60  3:59  Overlord  
  60  4:01  Drone  
  60  4:02  Drone  
  62  4:07  Overlord  
  63  4:10  Drone, Metabolic Boost  
  63  4:11  Evolution Chamber  
  63  4:13  Drone x2  
  63  4:16  Overlord  
  64  4:18  Spore Crawler  
  64  4:20  Spore Crawler  
  64  4:22  Spore Crawler  
  61  4:26  Roach Warren  
  61  4:31  Zergling x10  
  61  4:34  Overlord  
  61  4:36  Zerg Missile Weapons Level 1  
  65  4:39  Drone x2  
  65  4:42  Overlord  
  65  4:43  Drone  
  68  4:47  Overseer  
  67  4:55  Zergling x12  
  73  5:01  Queen  
  65  5:08  Roach x8  
  79  5:16  Roach  
  79  5:18  Roach  
  80  5:26  Roach  
  78  5:33  Drone x7  
  84  5:35  Queen  
  84  5:38  Drone  
  84  5:39  Drone  
  88  5:47  Drone  
  88  5:48  Drone x2  
  87  5:53  Extractor  
  87  5:54  Roach  
  87  5:55  Extractor  
  87  5:56  Roach, Glial Reconstitution  
  88  5:58  Roach  
  90  6:05  Roach  
  90  6:09  Roach x2  
  90  6:11  Overlord x3  
  93  6:26  Drone  
  93  6:27  Drone x4  
  93  6:28  Drone  
  93  6:32  Zerg Missile Weapons Level 2  
  99  6:34  Drone x2  
  99  6:36  Extractor  
  99  6:37  Drone x2  
  99  6:38  Overlord, Drone  
  103  6:41  Queen, Overlord  
  105  6:48  Roach x5  
  115  6:56  Roach x3  
  115  6:59  Overlord  
  115  7:01  Roach x2  
  125  7:05  Ravager, Overlord x2  
  125  7:06  Roach  
  128  7:09  Roach  
  128  7:10  Roach  
  131  7:17  Roach x4  
  132  7:28  Roach x6  
  127  7:38  Roach x4  
  127  7:43  Roach  
  127  7:44  Roach  
  131  7:48  Roach  
  109  7:52  Roach  
  109  7:53  Roach  
  97  8:01  Roach x2  
  97  8:03  Roach  
  95  8:10  Roach  
  95  8:11  Roach, Zergling x2  
  95  8:12  Zergling x6  
  92  8:15  Roach x2  
  92  8:17  Roach  
  89  8:22  Roach  
  89  8:25  Extractor  
  90  8:29  Roach  
  83  8:34  Roach  
  83  8:35  Roach x2  
  83  8:38  Roach  
  83  8:39  Roach, Zergling x6  
  87  8:46  Roach  
  79  8:50  Roach  
Show
View Real Time Build Order
Export as new Build Order

IlIlIlIlIlIl Protoss - Winner!

Build Orders: Nexus First, Zealot Archon, Dark Templar Rush 

Get SALT Encoding   

  12  0:00  Probe (Chrono Boost)  
  13  0:11  Probe (Chrono Boost)  
  14  0:18  Pylon  
  14  0:23  Probe (Chrono Boost)  
  15  0:36  Probe (Chrono Boost)  
  16  0:47  Probe (Chrono Boost)  
  17  0:58  Nexus  
  17  1:09  Gateway  
  17  1:12  Probe (Chrono Boost)  
  18  1:18  Assimilator  
  18  1:23  Probe (Chrono Boost)  
  19  1:27  Assimilator  
  19  1:33  Probe (Chrono Boost)  
  20  1:42  Pylon  
  20  1:44  Probe (Chrono Boost)  
  21  1:55  Probe (Chrono Boost)  
  21  1:57  Cybernetics Core  
  22  2:05  Probe (Chrono Boost)  
  23  2:11  Probe (Chrono Boost)  
  24  2:16  Probe (Chrono Boost)  
  24  2:21  Probe (Chrono Boost)  
  26  2:27  Probe (Chrono Boost)  
  26  2:28  Warp Gate  
  27  2:30  Adept  
  27  2:32  Probe (Chrono Boost)  
  30  2:38  Twilight Council  
  30  2:39  Probe (Chrono Boost)  
  30  2:42  Probe (Chrono Boost)  
  32  2:51  Probe (Chrono Boost)  
  33  2:53  Probe (Chrono Boost)  
  33  2:55  Robotics Facility  
  34  3:01  Probe (Chrono Boost)  
  34  3:03  Probe (Chrono Boost)  
  36  3:12  Probe (Chrono Boost)  
  37  3:14  Probe (Chrono Boost)  
  37  3:15  Dark Shrine  
  38  3:22  Probe (Chrono Boost)  
  38  3:24  Probe (Chrono Boost)  
  40  3:32  Gateway  
  40  3:33  Probe (Chrono Boost), Gateway  
  41  3:35  Probe (Chrono Boost)  
  41  3:37  Gateway  
  41  3:38  Warp Prism  
  42  3:47  Pylon  
  44  3:51  Probe (Chrono Boost)  
  44  3:52  Probe (Chrono Boost), Assimilator  
  44  3:55  Assimilator  
  46  4:07  Probe (Chrono Boost)  
  46  4:08  Pylon, Mothership Core (Chrono Boost)  
  49  4:19  Probe (Chrono Boost)  
  50  4:24  Nexus  
  50  4:25  Pylon  
  50  4:36  Resonating Glaives  
  50  4:38  Dark Templar  
  50  4:39  Dark Templar x3  
  50  4:44  Probe x2 (Chrono Boost)  
  50  4:45  Pylon  
  60  5:02  Immortal  
  60  5:11  Adept x4  
  72  5:30  Gateway x2  
  70  5:38  Gateway x2  
  70  5:43  Dark Templar  
  70  5:44  Archon  
  70  5:45  Immortal  
  70  5:48  Archon  
  68  5:53  Sentry x2  
  68  5:54  Adept  
  74  5:57  Probe (Chrono Boost)  
  75  6:07  Pylon  
  75  6:08  Probe (Chrono Boost)  
  75  6:10  Pylon  
  76  6:18  Probe (Chrono Boost)  
  76  6:21  Observer  
  78  6:29  Probe (Chrono Boost)  
  78  6:31  Pylon  
  78  6:32  Pylon  
  79  6:33  Adept x6  
  79  6:34  Adept x2  
  79  6:38  Pylon  
  96  6:40  Probe (Chrono Boost)  
  96  6:50  Probe (Chrono Boost)  
  97  7:01  Probe (Chrono Boost)  
  98  7:03  Adept x4  
  98  7:04  Adept x3  
  98  7:05  Adept  
  114  7:10  Pylon  
  114  7:12  Pylon  
  106  7:30  Adept x8  
  116  7:51  Adept x7  
  104  7:57  Adept  
  104  8:02  Probe (Chrono Boost)  
  103  8:12  Probe (Chrono Boost)  
  102  8:19  Adept x6  
  112  8:20  Adept x2  
  112  8:23  Probe (Chrono Boost)  
  105  8:43  Adept x5  
  105  8:44  Adept x3  
  105  8:47  Probe (Chrono Boost)  
  112  8:58  Probe (Chrono Boost)  
Tags
 
Add a new tag
Caveats
  • Supply blocks, unpowered buildings, or Contaminate may cause inaccurate times.
  • Supply counts are checked every 10 seconds.